 Dungeon Crawl Stone Soup version 0.29-a0-813-g4a14ea37d6 (webtiles) character file.

Game seed: 10986925060994608297

2 polve the Chopper (level 1, 0/16 HPs)
             Began as a Demonspawn Gladiator on July 4, 2022.
             Slain by a kobold
             ... wielding a +0 short sword
              (1 damage)
             ... on level 1 of the Dungeon.
             The game lasted 00:00:04 (16 turns).

polve the Chopper (Demonspawn Gladiator)              Turns: 16, Time: 00:00:04

Health: 0/16       AC:  4    Str: 14    XL:     1   Next: 33%
Magic:  1/1        EV: 12    Int:  9    God:
Gold:   0          SH:  0    Dex: 14    Spells: 0/0 levels left

rFire   . . .      SeeInvis .   a - +0 war axe
rCold   . . .      Faith    .   (no shield)
rNeg    . . .      Spirit   .   b - +0 leather armour
rPois   .          Reflect  .   c - +0 helmet
rElec   .          Harm     .   (no cloak)
rCorr   .          Rampage  .   (no gloves)
Will    .....                   (no boots)
Stlth   +.........              (no amulet)
HPRegen 0.05/turn               (no ring)
MPRegen 0.07/turn               (no ring)

@: no status effects
A: no striking features
a: no special abilities


You were on level 1 of the Dungeon.
You visited 1 branch of the dungeon, and saw 1 of its levels.

Inventory:

Hand Weapons
 a - a +0 war axe (weapon)
Missiles
 d - 3 throwing nets (quivered)
 e - a javelin
Armour
 b - a +0 leather armour (worn)
 c - a +0 helmet (worn)


   Skills:
 - Level 2.0 Fighting
 + Level 2.9 Axes
 - Level 1.7 Throwing
 - Level 2.6 Dodging


You couldn't memorise any spells.
You didn't know any spells.
Your spell library was empty.

Dungeon Overview and Level Annotations

Branches:
Dungeon (1/15)

Altars:


Message History

You are too injured to fight recklessly!
You are too injured to fight recklessly!
You are too injured to fight recklessly!
You are too injured to fight recklessly!
You are too injured to fight recklessly!
You are too injured to fight recklessly!
You hit the quokka.
The quokka is almost dead.
The quokka bites you.
A bat comes into view.
The quokka bites you but does no damage.
The endoplasm freezes you.
You are frozen.
A kobold comes into view. It is wielding a +0 short sword.
You slash the quokka!
You kill the quokka!
You hit the endoplasm.
You kill the endoplasm!
You hit the quokka but do no damage. The quokka bites you.
The kobold throws a stone.
The stone barely misses you. The quokka closely misses you.
The bat hits you but does no damage.
The kobold throws a stone.
The stone barely misses you.
You see here a quokka corpse.
A rat comes into view.
The bat hits you but does no damage. The kobold barely misses you.
You closely miss the kobold. You closely miss the bat.
You barely miss the quokka. The bat hits you but does no damage.
The quokka bites you but does no damage.
The kobold hits you with a +0 short sword.
* * * LOW HITPOINT WARNING * * *
The bat closely misses you. The quokka bites you.
* * * LOW HITPOINT WARNING * * *
You hit the kobold.
The kobold is heavily wounded.
You hit the bat.
You kill the bat!
You hit the kobold. You hit the quokka.
The kobold hits you with a +0 short sword.
You die...

## #........#
..###........##
..#.....r....#
++++++...........#
+....+...........#
+....+...........#
+.<..+....KK...>.#
+....+.#..@.....#
++'+++.#.†r....##
#.##......#.......#
#.................#
#.....####.......$#
.......# ##.......#
........# ........#
........#
#........#
........#
#..#######


You could see a quokka, 2 kobolds and a rat.

Vanquished Creatures
  A bat (D:1)
  An endoplasm (D:1)
  A quokka (D:1)
3 creatures vanquished.

Notes
Turn   | Place    | Note
-------+----------+-------------------------------------------
     0 | D:1      | polve the Demonspawn Gladiator began the quest for the Orb.
     0 | D:1      | Reached XP level 1. HP: 16/16 MP: 1/1
    16 | D:1      | Slain by a kobold

Illustrated notes

Levels and vault maps discovered:
D:1:      lightli_arrival_maybe_door_vault, layout_rooms, st_stairs_5

Action                   || total
-------------------------++-------
Melee: War axe           ||     6
Armor: Leather armour    ||     5
Dodge: Dodged            ||     7

Table legend: (Time is in decaauts)
 A = Elapsed time spent in this place.
 B = Non-inter-level travel time spent in this place.
 C = Inter-level travel time spent in this place.
 D = Time resting spent in this place.
 E = Time spent auto-exploring this place.
 F = Levels seen in this place.
 G = Mean time per level.
                   A        B        C        D        E       F      G
               +--------+--------+--------+--------+--------+-----+--------+
         Total |     17 |     17 |      0 |      0 |      6 |   1 |   17.0 |
       Dungeon |     17 |     17 |      0 |      0 |      6 |   1 |   17.0 |
               +--------+--------+--------+--------+--------+-----+--------+

Top non-repeatable levels by time:
     D:1: 17 daAuts
